 Dungeon Crawl Stone Soup version 0.30-a0-475-g03497ec522 (webtiles) character file.

Game seed: 6610165257547345819

62 kae the Firebug (level 3, -1/26 HPs)
             Began as a Demigod Fire Elementalist on Dec 20, 2022.
             Slain by a gnoll
             ... wielding a +0 whip
              (9 damage)
             ... on level 1 of the Dungeon.
             The game lasted 00:01:31 (1442 turns).

kae the Firebug (Demigod Fire Elementalist)         Turns: 1442, Time: 00:01:31

Health: -1/26      AC:  2    Str:  9    XL:     3   Next: 60%
Magic:  2/8        EV: 12    Int: 21    God:
Gold:   97         SH:  0    Dex: 14    Spells: 0/6 levels left

rFire   . . .      SeeInvis .    e - +0 dagger (venom)
rCold   . . .      Faith    .    (no shield)
rNeg    . . .      Spirit   .    a - +0 robe
rPois   .          Reflect  .    (no helmet)
rElec   .          Harm     .    (no cloak)
rCorr   .          Rampage  .    (no gloves)
Will    .....                    (no boots)
Stlth   ++........               (no amulet)
HPRegen 0.24/turn                (no ring)
MPRegen 0.11/turn                (no ring)

@: no status effects
A: high MP 1, forlorn, divine attributes
a: no special abilities


You were on level 1 of the Dungeon.
You visited 1 branch of the dungeon, and saw 2 of its levels.

You collected 97 gold pieces.


Innate Abilities, Weirdness & Mutations

You have an increased reservoir of magic. (+10% MP)
You shall have no god before yourself.
Your divine heritage dramatically boosts your attributes as you level up.


   Skills:
 - Level 1.7 Dodging
 - Level 1.7 Stealth
 + Level 2.2 Spellcasting
 * Level 2.1 Conjurations
 + Level 0.3 Hexes
 * Level 3.4 Fire Magic


You couldn't memorise any spells.
You knew the following spells:

 Your Spells              Type           Power      Damage    Failure   Level
a - Foxfire               Conj/Fire      56%        2x1d6     4%          1
b - Scorch                Fire           32%        2d7       5%          2
c - Inner Flame           Hex/Fire       10%        N/A       21%         3

Your spell library contained the following spells:

 Spells                   Type           Power      Damage    Failure   Level
 Kindle Blastsparks       Fire/Tloc/Air  14%        2d11      26%         3
 Flame Wave               Conj/Fire      14%        2d6       41%         4

Inventory:

Hand Weapons
 e - a +0 dagger of venom (weapon)
   (You took it off a goblin on level 2 of the Dungeon)
Missiles
 c - 4 poisoned darts
 f - 11 stones
 i - 4 boomerangs
Armour
 a - a +0 robe (worn)
Potions
 b - 2 potions of magic
 d - a potion of curing {unknown}
 g - a potion of ambrosia
 h - a potion of heal wounds {@q2}

Dungeon Overview and Level Annotations

Branches:
Dungeon (2/15) Zot: 10556

Annotations:
D:2 exclusion: gnoll

#.# #.# #.# ##.# ...###########
.............# ..##########.#
############
..##########.###.g........#
#...............@.........#
...####################...#
#.###### ##..# .......#
#..###### .......# #.[.....#
.......#################.#####.#
.........................# #.#
.............##########..# ##.#
.............# #..# #..#


You could see a gnoll (combustible).


Message History

😕 HP[+1] 😎 HP[+1]
Your hp is fully restored (26). 😎 MP[+1]
Your mp is fully restored (8).
The gnoll attacks as you move away! The gnoll misses you.
There is a stone staircase leading up here.
The gnoll hits you with a +0 flail!
Ouch! That really hurt!
* * * LOW HITPOINT WARNING * * *
You climb upwards.
There is a stone staircase leading down here. 😨 HP[-13]
You take 13 damage, and now have 13/26 hp.
MASSIVE DAMAGE!! (PAUSE)
Casting: Foxfire (safe; 4% risk of failure)
Confirm with . or Enter, or press ? or * to list all spells.
You miscast Scorch.
You are very lightly contaminated with residual magic.
Nothing appears to happen.
The gnoll closely misses you. 😨 MP[-2]
You lost 2 mp, and now have 6/8 mp.
Casting: Scorch (safe; 5% risk of failure)
Confirm with . or Enter, or press ? or * to list all spells.
Flames lash the gnoll.
The gnoll's fire resistance burns away.
The gnoll hits you with a +0 flail.
* * * LOW HITPOINT WARNING * * *
The gnoll hits you with a +0 flail!
* * * LOW HITPOINT WARNING * * *
😱 HP[-11] MP[-2]
You take 11 damage, and now have 2/26 hp.
MASSIVE DAMAGE!! (PAUSE)
You lost 2 mp, and now have 4/8 mp.
Casting: Scorch (safe; 5% risk of failure)
Confirm with . or Enter, or press ? or * to list all spells.
Flames lash the gnoll.
The gnoll is burned terribly!
You kill the gnoll! 😱 MP[-2]
You lost 2 mp, and now have 2/8 mp.
Unknown command.
Casting: Scorch (safe; 5% risk of failure)
Confirm with . or Enter, or press ? or * to list all spells.
You can't see any susceptible monsters within range! (Use Z to cast anyway.)
You start resting.
Your magical contamination has completely faded away. 😱 HP[+1]
You start resting. 😨 HP[+7] MP[+4]
You regained 7 hp, and now have 10/26 hp.
You regained 4 mp, and now have 6/8 mp.
Unknown command.
You start resting. 😮 HP[+4] MP[+2]
You regained 4 hp, and now have 14/26 hp.
Your mp is fully restored (8).
You start resting. 😕 HP[+8]
You regained 8 hp, and now have 22/26 hp.
You start resting. 😎 HP[+4]
Your hp is fully restored (26).
You climb downwards.
Level annotation: exclusion: gnoll The gnoll barely misses you.
The endoplasm hits you. The gnoll hits you with a +0 whip.
The endoplasm barely misses you.
There is a stone staircase leading up, spattered with blood here. 😕 HP[-4]
You take 4 damage, and now have 22/26 hp.
Unknown command.
The gnoll hits you with a +0 whip. The endoplasm closely misses you.
You climb upwards.
There is a stone staircase leading down, spattered with blood here. 😮 HP[-4]
You take 4 damage, and now have 18/26 hp.
Unknown command.
Casting: Scorch (safe; 5% risk of failure)
Confirm with . or Enter, or press ? or * to list all spells.
Flames lash the endoplasm.
You kill the endoplasm!
The gnoll hits you with a +0 whip. The gnoll hits you with a +0 whip.
* * * LOW HITPOINT WARNING * * *
😨 HP[-5] MP[-2]
You take 5 damage, and now have 13/26 hp.
You lost 2 mp, and now have 6/8 mp.
Casting: Scorch (safe; 5% risk of failure)
Confirm with . or Enter, or press ? or * to list all spells.
Flames lash the gnoll.
The gnoll's fire resistance burns away.
The gnoll hits you with a +0 whip.
* * * LOW HITPOINT WARNING * * *
The gnoll barely misses you. 😨 HP[-5] MP[-2]
You take 5 damage, and now have 8/26 hp.
You lost 2 mp, and now have 4/8 mp.
Casting: Scorch (safe; 5% risk of failure)
Confirm with . or Enter, or press ? or * to list all spells.
Flames lash the gnoll.
The gnoll is burned terribly!
The gnoll hits you but does no damage. The gnoll hits you with a +0 whip!
You die...

Skill      XL: |  1  2  3 |
---------------+----------+-----
Conjurations   | 1 2 |  2.1
Fire Magic     | 3 |  3.4
Spellcasting   | 2 |  2.2
Dodging        | |  1.7
Stealth        | |  1.7
Hexes          | |  0.3

Action                   || total
-------------------------++-------
Melee: Dagger            ||     5
 Cast: Foxfire           ||    59
       Scorch            ||     5
  Use: Scroll            ||     3
Armor: Robe              ||     3
Dodge: Dodged            ||    29

Levels and vault maps discovered:
D:1:      dpeg_arrival_shelter, layout_loops_ring
D:2:      layout_loops_ring, minmay_misc_feat_encased, uniq_natasha

Notes
Turn   | Place    | Note
-------+----------+-------------------------------------------
     0 | D:1      | kae the Demigod Fire Elementalist began the quest for the
                  | Orb.
     0 | D:1      | Reached XP level 1. HP: 14/14 MP: 5/5
     0 | D:1      | magus.rc [v1.11.3]
    86 | D:1      | Reached skill level 1 in Conjurations
   382 | D:1      | Reached skill level 3 in Fire Magic
   382 | D:1      | Reached XP level 2. HP: 20/20 MP: 4/7
   600 | D:1      | Reached skill level 2 in Spellcasting
  1011 | D:2      | Reached XP level 3. HP: 26/26 MP: 5/8
  1014 | D:2      | Learned a level 2 spell: Scorch
  1018 | D:2      | Learned a level 3 spell: Inner Flame
  1158 | D:2      | Reached skill level 2 in Conjurations
  1333 | D:1      | HP: 2/26 [gnoll/+0 flail (9)]
  1442 | D:1      | Slain by a gnoll

Vanquished Creatures
  A gnoll (D:1)
  2 adders (D:2)
  2 worms (D:2)
  A dart slug (D:1)
  4 endoplasms
  4 goblins
  3 hobgoblins (D:1)
  2 jackals (D:2)
  A ball python (D:2)
  3 bats
  A frilled lizard (D:1)
  2 kobolds
  2 rats
28 creatures vanquished.

Vanquished Creatures (others)
  96 foxfires
96 creatures vanquished.

Grand Total: 124 creatures vanquished

Table legend:
 A = Non-vault XP
 B = Vault XP
 C = Vault XP percentage of total XP
 D = Non-vault monster count
 E = Vault monster count
 F = Vault count percentage of total count
                 A         B        C        D         E       F
            +---------+---------+-------+---------+---------+-------
      Total |      89 |       0 |   0.0 |      28 |       0 |   0.0
            +---------+---------+-------+---------+---------+-------
        D:1 |      38 |       0 |   0.0 |      14 |       0 |   0.0
        D:2 |      51 |       0 |   0.0 |      14 |       0 |   0.0
            +---------+---------+-------+---------+---------+-------

Illustrated notes

Table legend:
 A = Kills in this place as a percentage of kills in entire the game.
 B = Kills by you in this place as a percentage of kills by you in the entire game.
 C = Kills by friends in this place as a percentage of kills by friends in the entire game.
 D = Other kills in this place as a percentage of other kills in the entire game.
 E = Experience gained in this place as a percentage of experience gained in the entire game.
 F = Experience gained in this place divided by the number of levels of this place that you have seen.
                   A       B       C       D       E      F
               +-------+-------+-------+-------+-------+----------------------
         Total | 100.0 | 100.0 |   N/A |   N/A | 100.0 |  44.5
       Dungeon | 100.0 | 100.0 |   N/A |   N/A | 100.0 |  44.5
               +-------+-------+-------+-------+-------+----------------------

Table legend: (Time is in decaauts)
 A = Elapsed time spent in this place.
 B = Non-inter-level travel time spent in this place.
 C = Inter-level travel time spent in this place.
 D = Time resting spent in this place.
 E = Time spent auto-exploring this place.
 F = Levels seen in this place.
 G = Mean time per level.
                   A        B        C        D        E       F      G
               +--------+--------+--------+--------+--------+-----+--------+
         Total |   1442 |   1432 |     10 |    122 |   1038 |   2 |  721.0 |
       Dungeon |   1442 |   1432 |     10 |    122 |   1038 |   2 |  721.0 |
               +--------+--------+--------+--------+--------+-----+--------+

Top non-repeatable levels by time:
     D:1: 851 daAuts
     D:2: 591 daAuts
